 Dungeon Crawl Stone Soup version 0.18-a0-1323-g706dcef (webtiles) character file.

53 M4edhros the Sneak (level 3, 0/23 HPs)
             Began as an Octopode Artificer on Feb 15, 2016.
             Slain by a warg (15 damage)
             ... on level 4 of the Dungeon.
             The game lasted 00:02:10 (891 turns).

M4edhros the Sneak (Octopode Artificer)              Turns: 891, Time: 00:02:10

Health: 0/23       AC:  1    Str: 10    XL:     3   Next: 89%
Magic:  5/5        EV: 12    Int: 15    God:
Gold:   30         SH:  0    Dex: 12    Spells: 0 memorised, 2 levels left

rFire  + + .     SeeInvis .     a - +0 short sword
rCold  x . .     Gourm    .     (no shield)
rNeg   . . .     Faith    .     (helmet restricted)
rPois  .         Spirit   .     (no amulet)
rElec  .         Dismiss  .     n - ring of protection from fire
rCorr  .         Reflect  .     o - ring of teleportation (curse)
SustAt .         Harm     .     p - ring of fire
MR     .....     Rnd*Tele +     (no ring)
Stlth  ++++......               (no ring)
                                (no ring)
                                (no ring)
                                (no ring)

@: not resistant to hostile enchantments, stealthy
A: almost no armour, amphibious, 8 rings, constrict 8, camouflage 1, gelatinous
body 1
a: no special abilities


You were on level 4 of the Dungeon.
You were not hungry.

You visited 1 branch of the dungeon, and saw 4 of its levels.

You collected 30 gold pieces.

Inventory:

Hand Weapons
 a - a +0 short sword (weapon)
Missiles
 i - 8 stones (quivered)
 j - 24 sling bullets
Jewellery
 n - a ring of protection from fire (left tentacle)
 o - a cursed ring of teleportation (right tentacle)
 p - a ring of fire (on tentacle)
Wands
 b - a wand of flame (15/48)
 c - a wand of enslavement (14/24)
 d - a wand of random effects (12/48)
Scrolls
 h - a scroll of noise {unknown}
 k - a scroll of enchant armour {unknown}
Potions
 e - 2 potions of haste {unknown}
 g - a potion of curing {unknown}
Comestibles
 f - 2 bread rations
 l - a meat ration


   Skills:
 - Level 1.0 Fighting
 - Level 1.0 Short Blades
 - Level 2.0 Dodging
 + Level 5.2 Stealth
 - Level 3.2 Evocations


You had 2 spell levels left.
You didn't know any spells.

Dungeon Overview and Level Annotations

Branches:
Dungeon (4/15)
 Temple: D:4-7

Altars:
Cheibriados
Elyvilon
Okawaru


Innate Abilities, Weirdness & Mutations

You cannot wear most types of armour.
You are amphibious.
You can wear up to eight rings at the same time.
You can use your tentacles to constrict eight enemies at once.
Your skin changes colour to match your surroundings (Stealth).
Your rubbery body absorbs attacks (AC +1).


Message History

Press: ? - help, Shift-Dir - straight line, f - scorpion
Aim: a scorpion The scorpion evaporates and reforms as a warg!
This wand has 14 charges left.
The warg bites you.
Evoke which item? (* to show all) (? for menu, Esc to quit)
Zapping:
d - a wand of random effects (14/48)
Press: ? - help, Shift-Dir - straight line, f/p - warg
Aim: a warg The warg easily resists.
This wand has 13 charges left.
The warg barely misses you.
Evoke which item? (* to show all) (? for menu, Esc to quit)
Zapping:
d - a wand of random effects (13/48)
Press: ? - help, Shift-Dir - straight line, f/p - warg
Aim: a warg The fireball explodes!
The fireball engulfs the warg.
The warg is moderately wounded.
The fireball engulfs you! You resist.
This wand has 12 charges left.
The warg bites you!
Ouch! That really hurt!
You die...

#.# #.# #.#
#.# #.# #.#
#.# #.# #.#
#.# #.# #.#
#.# #.# #h#
#.# #@#
#.#######.#
#<........#
###########


You could see a warg.

Vanquished Creatures
  2 orcs (D:4)
  An ooze (D:1)
  A worm (D:2)
  A giant gecko (D:1)
  A kobold (D:1)
  3 giant newts (D:1)
  3 goblins
  2 rats (D:1)
14 creatures vanquished.

Vanquished Creatures (collateral kills)
  An orc wizard (D:4)
  2 orcs (D:4)
3 creatures vanquished.

Vanquished Creatures (others)
  A giant frog skeleton (D:4)
  A quokka (D:4)
2 creatures vanquished.

Grand Total: 19 creatures vanquished

Notes
Turn   | Place    | Note
--------------------------------------------------------------
     0 | D:1      | M4edhros the Octopode Artificer began the quest for the Orb.
     0 | D:1      | Reached XP level 1. HP: 13/13 MP: 3/3
   210 | D:1      | Reached XP level 2. HP: 18/18 MP: 4/4
   593 | D:3      | Found an iron altar of Okawaru.
   640 | D:4      | Noticed a phantom
   656 | D:4      | Found a snail-covered altar of Cheibriados.
   684 | D:4      | Reached skill level 4 in Stealth
   684 | D:4      | Reached XP level 3. HP: 11/23 MP: 5/5
   703 | D:4      | Reached skill level 5 in Stealth
   709 | D:4      | Found a white marble altar of Elyvilon.
   806 | D:4      | Noticed a scorpion
   889 | D:4      | Noticed a warg
   889 | D:4      | a scorpion changed into a warg
   891 | D:4      | Slain by a warg

Vault maps used:
D:1:      dpeg_arrival_water_temple_mockup
D:2:      kennysheep_boxes
D:3:      kennysheep_okawaru_gauntlet
D:4:      elyvilon_altar_4, cheibriados_altar_1, first_bread,
          grunt_qazlal_sundering, uniq_blork_the_orc

Action                   || total
-------------------------++-------
Melee: Short sword       ||    37
Evoke: Wand              ||     4
 Stab: Sleeping          ||     2
